 Dungeon Crawl Stone Soup version 0.29.1-12-g30fa7ad0bf (webtiles) character file.

Game seed: 16818327932533075793

3782 fantasyman the Cleaver (level 9, -5/79 HPs)
             Began as a Minotaur Fighter on Dec 17, 2022.
             Slain by Grum
             ... wielding a +1 spear
              (9 damage)
             ... on level 8 of the Dungeon.
             The game lasted 00:08:17 (8178 turns).

fantasyman the Cleaver (Minotaur Fighter)           Turns: 8178, Time: 00:08:17

Health: -5/79      AC: 11    Str: 25    XL:     9   Next: 95%
Magic:  8/8        EV: 10    Int:  5    God:
Gold:   418        SH:  5    Dex: 10    Spells: 8/8 levels left

rFire   . . .      SeeInvis .   a - +1 war axe (venom)
rCold   . . .      Faith    .   c - +0 buckler
rNeg    . . .      Spirit   .   l - +0 chain mail
rPois   .          Reflect  .   (helmet restricted)
rElec   .          Harm     .   (no cloak)
rCorr   .          Rampage  .   (no gloves)
Will    .....                   (no boots)
Stlth   ..........              k - amulet of regeneration
HPRegen 1.03/turn               (no ring)
MPRegen 0.11/turn               (no ring)

@: no status effects
A: horns 2, retaliatory headbutt
a: no special abilities


You were on level 8 of the Dungeon.
You visited 2 branches of the dungeon, and saw 9 of its levels.
You also visited: Ossuary.

You collected 418 gold pieces.

Inventory:

Hand Weapons
 a - a +1 war axe of venom (weapon)
Armour
 c - a +0 buckler (worn)
 l - a +0 chain mail (worn)
Jewellery
 k - an amulet of regeneration (around neck)
 m - an amulet of magic regeneration
 u - an amulet of the acrobat
Wands
 y - a wand of flame (17)
Scrolls
 b - 4 scrolls of teleportation {unknown}
 g - a scroll of enchant weapon
 i - 6 scrolls of identify
 n - 3 scrolls of blinking {unknown}
 o - a scroll of immolation {unknown}
 p - a scroll of brand weapon
 r - 2 scrolls of butterflies {unknown}
 w - a scroll of noise {unknown}
 x - 2 scrolls of amnesia {unknown}
Potions
 d - 3 potions of might
 e - 6 potions of curing
 f - 4 potions of magic
 h - a potion of attraction
 j - 3 potions of flight {unknown}
 q - a potion of berserk rage {unknown}
 s - 2 potions of lignification {unknown}
 t - a potion of degeneration {unknown}
 v - a potion of haste


   Skills:
 + Level 7.1 Fighting
 + Level 11.1 Axes
 + Level 8.6 Armour
 * Level 6.9 Dodging
 + Level 5.6 Shields


You had 8 spell levels left.
You didn't know any spells.
Your spell library contained the following spells:

 Spells                   Type           Power      Damage    Failure   Level
 Necrotise                Necr           0%         1d4       98%         1
 Sandblast                Erth           0%         2d4       98%         1
 Sting                    Tmut/Pois      0%         1d3       98%         1
 Passwall                 Tmut/Erth      0%         N/A       99%         2
 Poisonous Vapours        Pois/Air       0%         N/A       99%         2
 Confusing Touch          Hex            0%         N/A       100%        3
 Stone Arrow              Conj/Erth      0%         3d7       100%        3
 Vampiric Draining        Necr           0%         2d6       100%        3
 Olgreb's Toxic Radiance  Pois           0%         N/A       100%        4
 Agony                    Necr           0%         N/A       100%        5
 Yara's Violent Unravell  Hex/Tmut       0%         3d3       100%        5
 Enfeeble                 Hex            0%         N/A       100%        7


Dungeon Overview and Level Annotations

Branches:
Dungeon (8/15)             Temple (1/1) D:5         Ossuary (visited)
   Lair: D:8-11

Altars:
Ashenzari
Cheibriados
Dithmenos
Elyvilon
Fedhas
Gozag
Hepliaklqana
Kikubaaqudgha
Makhleb
Nemelex Xobeh
Qazlal
Ru
Sif Muna
Trog
Uskayaw
Vehumet
Wu Jian
Yredelemnul
Zin

Annotations:
D:7 5 runed translucent doors, Crazy Yiuf
D:8 Grum


Innate Abilities, Weirdness & Mutations

You have a pair of horns on your head.
You reflexively headbutt those who attack you in melee.


Message History

The wolf barely misses you.
You slash the wolf!
The wolf looks as sick as possible!
The wolf is severely wounded.
The wolf misses you. You furiously retaliate!
You headbutt the wolf, but do no damage.
Grum hits you from afar with a +1 spear.
Unknown command.
You hit the wolf.
The wolf is almost dead.
You kill the wolf!
The wolf bites you. Grum barely misses you.
You barely miss the wolf.
The wolf is lightly wounded.
The wolf bites you but does no damage.
Grum hits you from afar with a +1 spear!
You are too injured to fight recklessly!
Unknown command.
You are too injured to fight recklessly!
Unknown command.
You are too injured to fight recklessly!
You barely miss the wolf.
The wolf is lightly wounded.
The wolf barely misses you. You furiously retaliate!
You headbutt the wolf. The wolf bites you. You block Grum's attack.
You slash the wolf!
The wolf is heavily wounded.
You block the wolf's attack. The wolf bites you but does no damage.
Grum bares his teeth.
Grum hits you from afar with a +1 spear!
* * * LOW HITPOINT WARNING * * *
You hit the wolf.
The wolf is poisoned.
You headbutt the wolf.
You kill the wolf!
Grum closely misses you. Grum closely misses you. You furiously retaliate!
You headbutt Grum!
Things that are here:
a wolf corpse; a wolf corpse Grum attacks as you move away!
Grum hits you with a +1 spear!
* * * LOW HITPOINT WARNING * * *
Grum hits you from afar with a +1 spear!
You die...

#.....###.....#
#.....###.....#
#..#........###
#...#.....####
.... #.....# #..
##.....#### ...
#.........#
#)#######.### #.#
#.@††..#
#.#)#.####.##g#.#
#...........#.#
###.##......##.
#. #......# ..
#..........+...
#.##......## ...
# #......# ....
#......#


You could see Grum.

Vanquished Creatures
  Psyche (D:8)
  2 wyverns (D:7)
  Eustachio (D:5)
  Menkaure (D:5)
  Duvessa (D:5)
  An orc warrior (D:7)
  A sky beast (D:7)
  3 black bears
  5 ogres
  4 ice beasts
  3 wolves (D:8)
  A centaur (D:5)
  2 phantoms
  2 kobold brigands
  A bullfrog (D:7)
  4 scorpions
  Dowan (D:5)
  A howler monkey (D:6)
  5 hounds
  An orc priest (D:6)
  3 iguanas
  Natasha (thrice) (D:3)
  An orc wizard (D:7)
  A mummy (Ossuary)
  4 gnolls (D:3)
  4 adders
  4 river rats (D:5)
  A white imp (D:6)
  2 worms (D:3)
  10 orcs
  A spectral bat (Ossuary)
  5 bats
  7 endoplasms
  4 giant cockroaches
  12 gnoll zombies (Ossuary)
  6 goblins
  7 hobgoblins
  5 quokkas
  8 ball pythons
  3 bat simulacra (Ossuary)
  3 frilled lizards
  5 goblin simulacra (Ossuary)
  5 goblin zombies (Ossuary)
  8 hobgoblin zombies (Ossuary)
  11 kobolds
  7 kobold simulacra (Ossuary)
  A kobold zombie (Ossuary)
  4 orc zombies (Ossuary)
  3 rats
  2 rat simulacra (Ossuary)
  6 spectral goblins (Ossuary)
  A spectral kobold (Ossuary)
  4 spectral rats (Ossuary)
192 creatures vanquished.

Vanquished Creatures (others)
  3 fungi (D:7)
3 creatures vanquished.

Grand Total: 195 creatures vanquished

Notes
Turn   | Place    | Note
-------+----------+-------------------------------------------
     0 | D:1      | fantasyman the Minotaur Fighter began the quest for the
                  | Orb.
     0 | D:1      | Reached XP level 1. HP: 19/19 MP: 0/0
   250 | D:1      | Reached XP level 2. HP: 25/27 MP: 1/1
   280 | D:1      | Found a faded altar of an unknown god.
  1146 | D:2      | Identified the +0 leather armour of Daisies {Fly Str+5
                  | Dex+2 Stlth-}
  1193 | D:2      | Reached XP level 3. HP: 33/33 MP: 2/2
  1260 | D:2      | Reached skill level 3 in Axes
  1337 | D:2      | Reached skill level 1 in Dodging
  1767 | D:3      | Noticed Natasha
  1772 | D:3      | Killed Natasha
  1773 | D:3      | Reached XP level 4. HP: 26/40 MP: 3/3
  2092 | D:3      | Reached skill level 4 in Axes
  2110 | D:3      | Reached XP level 5. HP: 46/46 MP: 4/4
  2145 | D:3      | Noticed Natasha
  2153 | D:3      | Killed Natasha
  2356 | D:3      | Noticed Natasha
  2363 | D:3      | Killed Natasha
  2659 | D:3      | Identified the +8 short sword "Kuqedeavenu" {venom, rPois
                  | MP-9 Int+2 Dex+4}
  2748 | D:4      | Noticed an ogre
  2754 | D:4      | Killed an ogre
  2755 | D:4      | Reached skill level 5 in Axes
  2755 | D:4      | Reached skill level 5 in Armour
  2755 | D:4      | Reached XP level 6. HP: 35/53 MP: 5/5
  3844 | D:4      | Noticed a wyvern
  4328 | D:5      | Entered Level 5 of the Dungeon
  4393 | D:5      | Reached skill level 6 in Axes
  4393 | D:5      | Reached XP level 7. HP: 60/60 MP: 6/6
  4463 | D:5      | Found a sand-covered staircase.
  4473 | Ossuary  | Entered an ossuary
  4900 | D:5      | Noticed Menkaure
  4905 | D:5      | Killed Menkaure
  4906 | D:5      | Reached skill level 7 in Axes
  4952 | D:5      | Noticed Dowan
  4953 | D:5      | Reached skill level 5 in Fighting
  4962 | D:5      | Noticed Duvessa
  4964 | D:5      | Killed Dowan
  4980 | D:5      | Killed Duvessa
  4981 | D:5      | Reached XP level 8. HP: 40/68 MP: 7/7
  5092 | D:5      | Reached skill level 8 in Axes
  5225 | D:5      | Noticed Eustachio
  5248 | D:5      | Killed Eustachio
  5249 | D:5      | Reached skill level 5 in Dodging
  5429 | D:5      | Found a staircase to the Ecumenical Temple.
  5494 | D:5      | Reached skill level 9 in Axes
  5543 | Temple   | Entered the Ecumenical Temple
  6253 | D:6      | Reached skill level 5 in Shields
  6696 | D:6      | Reached XP level 9. HP: 77/77 MP: 8/8
  7189 | D:7      | Reached skill level 10 in Axes
  7219 | D:7      | Found a huge runed translucent gate.
  7225 | D:7      | Found a huge runed translucent gate.
  7225 | D:7      | Noticed a polar bear
  7231 | D:7      | Noticed a polar bear
  7232 | D:7      | Noticed a polar bear
  7233 | D:7      | Found a huge runed translucent gate.
  7233 | D:7      | Noticed a polar bear
  7233 | D:7      | Noticed a polar bear
  7235 | D:7      | Found a huge runed translucent gate.
  7236 | D:7      | Noticed a polar bear
  7236 | D:7      | Noticed a polar bear
  7545 | D:7      | Found a runed translucent door.
  7546 | D:7      | Noticed Crazy Yiuf
  8023 | D:8      | Noticed Psyche
  8039 | D:8      | Killed Psyche
  8040 | D:8      | Reached skill level 11 in Axes
  8162 | D:8      | Noticed Grum
  8178 | D:8      | HP: 3/79 [Grum/+1 spear (11)]
  8178 | D:8      | Slain by Grum

Illustrated notes

Levels and vault maps discovered:
D:1:      wheals_arrival_linesprint, layout_basic,
          hellmonk_ecumenical_altar_heavens_door
D:2:      layout_basic
D:3:      layout_loops_corners, kennysheep_generic_room_2, uniq_natasha
D:4:      layout_basic, lightli_corner_chamber
D:5:      layout_basic, temple_green, chequers_ossuary_entry_cave,
          gup_sewer_entry_spiral, nicolae_eternal_life, uniq_menkaure,
          uniq_duvessa, uniq_eustachio
D:6:      layout_cave_pods
D:7:      lemuel_bear_cage, layout_basic, uniq_crazy_yiuf_cottage
D:8:      layout_basic, kennysheep_mini_moat, lemuel_round_altar,
          minmay_pinched_square, uniq_psyche, uniq_grum
Temple:   nicolae_temple_bog_church

Skill      XL: |  1  2  3  4  5  6  7  8  9 |
---------------+----------------------------+-----
Armour         | 4 5 6 8 |  8.6
Shields        | 4 5 |  5.6
Axes           | 3 4 5 6 7 9 11 | 11.1
Dodging        | 1 2 3 4 5 6 |  6.9
Fighting       | 4 5 6 7 |  7.1

Action                   |  1- 3 |  4- 6 |  7- 9 || total
-------------------------+-------+-------+-------++-------
Melee: War axe           |    89 |    70 |   298 ||   457
       Headbutt          |     5 |    15 |    64 ||    84
  Use: Scroll            |     5 |       |       ||     5
Armor: Scale mail        |    30 |       |       ||    30
       Chain mail        |    14 |    20 |   143 ||   177
Dodge: Dodged            |    38 |    22 |   120 ||   180
Block: Buckler           |    24 |    11 |    70 ||   105
